3L
KINGSTON TOWNSHIP KNIGHTS @ TOLEDO STINGERS
08/02/2039
 
TOP OF THE 1ST
Kingston Township Knights batting - Pitching for Toledo Stingers : LHP Ángel Silva
Pitching: LHP Ángel Silva
Batting: RHB Daniel Maldonado 0-0: Called Strike
0-1: Ball
1-1: Called Strike
1-2: Ball
2-2: Foul Ball, location: 2F
2-2: Foul Ball, location: 2F
2-2: Ball
3-2: Fly out, F9 (Flyball, 9S, EV 90.6 MPH)
Batting: RHB Glenn Curtis 0-0: Called Strike
0-1: Ball
1-1: Reached on error, E2 (Groundball, 2L, EV 71.9 MPH)
Batting: RHB Daniel McCoy 0-0: Ball
1-0: Ball
2-0: Fly out, F9 (Flyball, 9, EV 88.8 MPH)
Batting: RHB Holden Ford 0-0: Ball
1-0: Called Strike
1-1: Ball
2-1: Ball
3-1: Fly out, F8 (Flyball, 78D, EV 90.6 MPH)
Top of the 1st over - 0 runs, 0 hits, 1 error, 1 left on base; Kingston Township 0 - Toledo 0
BOTTOM OF THE 1ST
Toledo Stingers batting - Pitching for Kingston Township Knights : RHP Jin-oong Mae
Pitching: RHP Jin-oong Mae
Batting: RHB Jesús Morán 0-0: Ball
1-0: SINGLE (Groundball, 6MD, EV 93.8 MPH)
Batting: RHB Alfredo Martínez 0-0: Swinging Strike
0-1: Swinging Strike
0-2: SINGLE (Flyball, 9S, EV 90.0 MPH)
Jesús Morán to second
Runner from 2nd tries for 3rd, SAFE, throw by RF made to third
Batting: LHB Pedro Serano 0-0: Ground out 3-1 (Groundball, 34S, EV 90.6 MPH)
Jesús Morán scores
Alfredo Martínez to second
Batting: SHB Ricky Sellers 0-0: Swinging Strike
0-1: Called Strike
0-2: Strikes out swinging
Batting: LHB Dan Hines 0-0: Ball
1-0: Ball
2-0: Fly out, F8 (Flyball, 8LD, EV 96.2 MPH)
Bottom of the 1st over - 1 run, 2 hits, 0 errors, 1 left on base; Kingston Township 0 - Toledo 1
TOP OF THE 2ND
Kingston Township Knights batting - Pitching for Toledo Stingers : LHP Ángel Silva
Batting: LHB Ed Mellor 0-0: Ball
1-0: Ball
2-0: Foul Ball, location: 2F
2-1: Ball
3-1: Foul Ball, location: 2F
3-2: Fly out, F7 (Flyball, 7, EV 89.4 MPH)
Batting: RHB Scott Robertson 0-0: Ball
1-0: Ball
2-0: Swinging Strike
2-1: Ball
3-1: Called Strike
3-2: Foul Ball, location: 2F
3-2: Base on Balls
Batting: RHB Jorge Ozezera 0-0: Ball
1-0: Ball
2-0: Called Strike
2-1: Ball
3-1: Base on Balls
Scott Robertson to second
Batting: LHB Tony Goodwin 0-0: Ball
1-0: Called Strike
1-1: Ball
2-1: Called Strike
2-2: Fly out, F8 (Line Drive, 8LD, EV 88.1 MPH)
Batting: RHB Khal Drogo 0-0: Called Strike
0-1: SINGLE (Flyball, 89M, EV 83.1 MPH)
Scott Robertson to third
Jorge Ozezera to second
Runner from 3rd tries for Home, SAFE, throw by RF to home
Jorge Ozezera to third
Khal Drogo to second
Batting: RHB Daniel Maldonado 0-0: Called Strike
0-1: Ground out U3 (Groundball, 3L, EV 89.4 MPH)
Top of the 2nd over - 1 run, 1 hit, 0 errors, 2 left on base; Kingston Township 1 - Toledo 1
BOTTOM OF THE 2ND
Toledo Stingers batting - Pitching for Kingston Township Knights : RHP Jin-oong Mae
Batting: RHB Sze Qi 0-0: Ball
1-0: Ball
2-0: Called Strike
2-1: Swinging Strike
2-2: Foul Ball, location: 2F
2-2: Foul Ball, location: 2F
2-2: Foul Ball, location: 2F
2-2: Ball
3-2: SINGLE (Line Drive, 9LS, EV 96.2 MPH)
Batting: LHB Snow Wang 0-0: Foul Ball, location: 2F
0-1: Ball
1-1: Foul Ball, location: 2F
1-2: Fly out, F8 (Flyball, 89D, EV 104.4 MPH)
Batting: RHB Jorge Alvarado 0-0: Ball
Sze Qi steals 2nd base (no throw)
1-0: Fly out, F6 (Popup, 6, EV 65.0 MPH)
Batting: RHB Álex Maroto 0-0: Foul Ball, location: 2F
0-1: Fly out, F8 (Flyball, 8RM, EV 83.8 MPH)
Bottom of the 2nd over - 0 runs, 1 hit, 0 errors, 1 left on base; Kingston Township 1 - Toledo 1
TOP OF THE 3RD
Kingston Township Knights batting - Pitching for Toledo Stingers : LHP Ángel Silva
Batting: RHB Glenn Curtis 0-0: Called Strike
0-1: Ball
1-1: Foul Ball, location: 2F
1-2: Ball
2-2: SINGLE (Groundball, 34, EV 108.1 MPH) (infield hit)
Batting: RHB Daniel McCoy 0-0: Ball
1-0: Foul Ball, location: 2F
1-1: Foul Ball, location: 2F
1-2: Foul Ball, location: 2F
1-2: Ball
2-2: SINGLE (Line Drive, 9S, EV 95.0 MPH)
Glenn Curtis to second
Runner from 2nd tries for 3rd, SAFE, no throw by RF
Batting: RHB Holden Ford 0-0: Ball
1-0: Swinging Strike
1-1: SINGLE (Groundball, 34D, EV 94.4 MPH)
Glenn Curtis scores
Daniel McCoy to second
Runner from 2nd tries for 3rd, SAFE, throw by RF made to third
Batting: LHB Ed Mellor 0-0: Called Strike
0-1: Swinging Strike
0-2: Foul Ball, location: 2F
0-2: Ball
1-2: Ball
2-2: Strikes out looking
Batting: RHB Scott Robertson 0-0: Ball
1-0: Ball
2-0: Fly out, F7 (Flyball, 78D, EV 96.9 MPH)
Runner from 3rd tags up, SCORES, throw by LF
Batting: RHB Jorge Ozezera 0-0: Ball
1-0: SINGLE (Line Drive, 7S, EV 111.2 MPH)
Holden Ford to second
Batting: LHB Tony Goodwin 0-0: Ball
1-0: Foul Ball, location: 2F
1-1: Ball
2-1: Fly out, F5 (Popup, 56S, EV 81.2 MPH)
Top of the 3rd over - 2 runs, 4 hits, 0 errors, 2 left on base; Kingston Township 3 - Toledo 1
BOTTOM OF THE 3RD
Toledo Stingers batting - Pitching for Kingston Township Knights : RHP Jin-oong Mae
Batting: RHB Jesús Morán 0-0: Ball
1-0: Ball
2-0: Fly out, F2 (Popup, 23F, EV 92.5 MPH)
Batting: RHB Alfredo Martínez 0-0: Called Strike
0-1: Ground out 6-3 (Groundball, 6, EV 83.8 MPH)
Batting: LHB Pedro Serano 0-0: Ball
1-0: Ball
2-0: Ball
3-0: Fly out, F7 (Flyball, 7, EV 83.1 MPH)
Bottom of the 3rd over - 0 runs, 0 hits, 0 errors, 0 left on base; Kingston Township 3 - Toledo 1
TOP OF THE 4TH
Kingston Township Knights batting - Pitching for Toledo Stingers : LHP Ángel Silva
Batting: RHB Khal Drogo 0-0: Ball
1-0: Foul Ball, location: 2F
1-1: Ball
2-1: Ball
3-1: Foul Ball, location: 2F
3-2: SINGLE (Groundball, 5D, EV 105.0 MPH)
Batting: RHB Daniel Maldonado 0-0: Called Strike
0-1: Ball
1-1: Ball
2-1: Ball
3-1: Base on Balls
Khal Drogo to second
Batting: RHB Glenn Curtis 0-0: Foul Ball, location: 2F
0-1: Fly out, F4 (Popup, 23, EV 90.0 MPH)
Batting: RHB Daniel McCoy 0-0: Ball
1-0: Ball
2-0: Swinging Strike
2-1: Ball
Khal Drogo steals 3rd base
3-1: Foul Ball, location: 2F
3-2: Grounds into double play, 5-4-3 (Groundball, 56, EV 86.2 MPH)
Top of the 4th over - 0 runs, 1 hit, 0 errors, 1 left on base; Kingston Township 3 - Toledo 1
BOTTOM OF THE 4TH
Toledo Stingers batting - Pitching for Kingston Township Knights : RHP Jin-oong Mae
Batting: SHB Ricky Sellers 0-0: Called Strike
0-1: Swinging Strike
0-2: Strikes out looking
Batting: LHB Dan Hines 0-0: Called Strike
0-1: Ball
1-1: Ball
2-1: Fly out, F4 (Popup, 23, EV 90.0 MPH)
Batting: RHB Sze Qi 0-0: Called Strike
0-1: Ball
1-1: Ball
2-1: Ground out U3 (Groundball, 3, EV 111.2 MPH)
Bottom of the 4th over - 0 runs, 0 hits, 0 errors, 0 left on base; Kingston Township 3 - Toledo 1
TOP OF THE 5TH
Kingston Township Knights batting - Pitching for Toledo Stingers : LHP Ángel Silva
Batting: RHB Holden Ford 0-0: Ball
1-0: Ball
2-0: Called Strike
2-1: Ball
3-1: Called Strike
3-2: Foul Ball, location: 2F
3-2: Foul Ball, location: 2F
3-2: Strikes out swinging
Batting: LHB Ed Mellor 0-0: SINGLE (Line Drive, 9S, EV 91.9 MPH)
Batting: RHB Scott Robertson 0-0: Ball
1-0: Ball
2-0: Ball
3-0: Called Strike
3-1: Swinging Strike
3-2: Ground out 6-3 (Groundball, 6D, EV 81.2 MPH)
Ed Mellor to second
Pitching: RHP Juan Parales
Batting: RHB Jorge Ozezera 0-0: Called Strike
0-1: Ground out 6-3 (Groundball, 6, EV 85.6 MPH)
Top of the 5th over - 0 runs, 1 hit, 0 errors, 1 left on base; Kingston Township 3 - Toledo 1
BOTTOM OF THE 5TH
Toledo Stingers batting - Pitching for Kingston Township Knights : RHP Jin-oong Mae
Batting: LHB Snow Wang 0-0: Ball
1-0: Ball
2-0: Swinging Strike
2-1: Ground out 3-1 (Groundball, 34, EV 89.4 MPH)
Batting: RHB Jorge Alvarado 0-0: Ball
1-0: Swinging Strike
1-1: Ball
2-1: Ground out 4-3 (Groundball, 4M, EV 105.0 MPH)
Batting: RHB Álex Maroto 0-0: Swinging Strike
0-1: Ball
1-1: Foul Ball, location: 2F
1-2: Ball
2-2: Strikes out looking
Bottom of the 5th over - 0 runs, 0 hits, 0 errors, 0 left on base; Kingston Township 3 - Toledo 1
TOP OF THE 6TH
Kingston Township Knights batting - Pitching for Toledo Stingers : RHP Juan Parales
Batting: LHB Tony Goodwin 0-0: Called Strike
0-1: DOUBLE (Line Drive, 7LM, EV 111.9 MPH)
Batting: RHB Khal Drogo 0-0: Ball
1-0: Ball
2-0: Ball
3-0: Base on Balls
Batting: RHB Daniel Maldonado 0-0: Foul Ball, location: 2F
0-1: Called Strike
0-2: Ball
1-2: Ball
2-2: Strikes out swinging
Batting: RHB Glenn Curtis 0-0: Called Strike
Tony Goodwin steals 3rd base
0-1: Ball
1-1: Ball
2-1: Ball
3-1: Base on Balls
Khal Drogo to second
Batting: RHB Daniel McCoy 0-0: Foul Ball, location: 2F
0-1: GRAND SLAM HOME RUN (Flyball, 7D, EV 107.5 MPH), Distance : 428 ft
Pitching: RHP Marcos Oquendo
Batting: RHB Holden Ford 0-0: Fly out, F9 (Flyball, 89S, EV 90.0 MPH)
Batting: LHB Ed Mellor 0-0: Ball
1-0: Ball
2-0: Called Strike
2-1: Swinging Strike
2-2: Ball
3-2: Base on Balls
Batting: RHB Scott Robertson 0-0: Called Strike
0-1: Ball
1-1: Foul Ball, location: 2F
1-2: Fly out, F8 (Flyball, 8LM, EV 75.6 MPH)
Top of the 6th over - 4 runs, 2 hits, 0 errors, 1 left on base; Kingston Township 7 - Toledo 1
BOTTOM OF THE 6TH
Toledo Stingers batting - Pitching for Kingston Township Knights : RHP Jin-oong Mae
Batting: RHB Jesús Morán 0-0: Called Strike
0-1: Swinging Strike
0-2: Ball
1-2: Ground out 6-3 (Groundball, 6, EV 85.6 MPH)
Batting: RHB Alfredo Martínez 0-0: Foul Ball, location: 2F
0-1: Called Strike
0-2: Strikes out swinging
Batting: LHB Pedro Serano 0-0: Ball
1-0: Called Strike
1-1: Ball
2-1: Foul Ball, location: 2F
2-2: Strikes out looking
Bottom of the 6th over - 0 runs, 0 hits, 0 errors, 0 left on base; Kingston Township 7 - Toledo 1
TOP OF THE 7TH
Kingston Township Knights batting - Pitching for Toledo Stingers : RHP Marcos Oquendo
Batting: RHB Jorge Ozezera 0-0: Fly out, F8 (Flyball, 89XD, EV 85.0 MPH)
Batting: LHB Tony Goodwin 0-0: Fly out, F8 (Flyball, 78M, EV 90.0 MPH)
Batting: RHB Khal Drogo 0-0: Ball
1-0: Called Strike
1-1: Ball
2-1: Swinging Strike
2-2: Foul Ball, location: 2F
2-2: Ball
3-2: Ground out 6-3 (Groundball, 6, EV 84.4 MPH)
Top of the 7th over - 0 runs, 0 hits, 0 errors, 0 left on base; Kingston Township 7 - Toledo 1
BOTTOM OF THE 7TH
Toledo Stingers batting - Pitching for Kingston Township Knights : RHP Jin-oong Mae
Batting: SHB Ricky Sellers 0-0: Called Strike
0-1: Fly out, F7 (Flyball, 7, EV 86.2 MPH)
Batting: LHB Dan Hines 0-0: Ball
1-0: Foul Ball, location: 2F
1-1: Foul Ball, location: 2F
1-2: Ball
2-2: DOUBLE (Groundball, 5L, EV 103.8 MPH)
Batting: RHB Sze Qi 0-0: Ball
1-0: Called Strike
1-1: Foul Ball, location: 2F
1-2: SINGLE (Line Drive, 9LM, EV 98.8 MPH)
Dan Hines to third
Runner from 3rd tries for Home, SAFE, throw by RF to home
Batting: LHB Snow Wang 0-0: Ball
1-0: Ground out 4-3 (Groundball, 4M, EV 111.2 MPH)
Sze Qi to second
Batting: RHB Jorge Alvarado 0-0: Foul Ball, location: 2F
0-1: Called Strike
0-2: Foul Ball, location: 2F
0-2: Strikes out swinging
Bottom of the 7th over - 1 run, 2 hits, 0 errors, 1 left on base; Kingston Township 7 - Toledo 2
TOP OF THE 8TH
Kingston Township Knights batting - Pitching for Toledo Stingers : RHP Marcos Oquendo
Batting: RHB Daniel Maldonado 0-0: Ball
1-0: Called Strike
1-1: Ball
2-1: Foul Ball, location: 2F
2-2: Ball
3-2: Base on Balls
Batting: RHB Glenn Curtis 0-0: Reached on error, E4 (Groundball, 4, EV 106.2 MPH)
Daniel Maldonado to second
Batting: RHB Daniel McCoy 0-0: Called Strike
0-1: Ball
1-1: Called Strike
1-2: Strikes out swinging
Batting: RHB Holden Ford 0-0: Ball
1-0: Ball
2-0: Ball
3-0: Base on Balls
Daniel Maldonado to third
Glenn Curtis to second
Batting: LHB Ed Mellor 0-0: SINGLE (Groundball, 4MD, EV 93.8 MPH)
Daniel Maldonado scores
Glenn Curtis to third
Holden Ford to second
Runner from 3rd tries for Home, SAFE, throw by CF to home
Batting: RHB Scott Robertson 0-0: Ball
1-0: Ball
2-0: Called Strike
2-1: Ball
3-1: Called Strike
3-2: Foul Ball, location: 2F
3-2: SINGLE (Flyball, 89M, EV 91.2 MPH)
Holden Ford to third
Ed Mellor to second
Pinch Hitting: RHB Kazunari Mizuno 0-0: Fielders Choice at 2nd, 3-6 (Groundball, 34, EV 87.5 MPH)
Holden Ford scores
Ed Mellor to third
Batting: LHB Tony Goodwin 0-0: Called Strike
0-1: Ball
1-1: Swinging Strike
1-2: Ball
2-2: Foul Ball, location: 2F
2-2: Ball
3-2: Strikes out swinging
Top of the 8th over - 3 runs, 2 hits, 1 error, 2 left on base; Kingston Township 10 - Toledo 2
BOTTOM OF THE 8TH
Toledo Stingers batting - Pitching for Kingston Township Knights : RHP Jin-oong Mae
Now at 3B: Kazunari Mizuno
Batting: RHB Álex Maroto 0-0: Called Strike
0-1: Swinging Strike
0-2: Ball
1-2: Ball
2-2: Foul Ball, location: 2F
2-2: Foul Ball, location: 2F
2-2: Strikes out swinging
Pinch Hitting: LHB Joe Clark 0-0: Ball
1-0: Ground out 4-3 (Groundball, 34D, EV 102.5 MPH)
Batting: RHB Alfredo Martínez 0-0: Ball
1-0: SINGLE (Groundball, 56D, EV 95.6 MPH)
Batting: LHB Pedro Serano 0-0: Ball
1-0: Called Strike
1-1: Ground out 3-1 (Groundball, 3, EV 83.8 MPH)
Bottom of the 8th over - 0 runs, 1 hit, 0 errors, 1 left on base; Kingston Township 10 - Toledo 2
TOP OF THE 9TH
Kingston Township Knights batting - Pitching for Toledo Stingers : RHP Marcos Oquendo
Pitching: RHP Austin Aries
Now in LF: Larry Moore
Batting: RHB Khal Drogo 0-0: Foul Ball, location: 2F
0-1: Ball
1-1: Ball
2-1: Foul Ball, location: 2F
2-2: Ball
3-2: Foul Ball, location: 2F
3-2: Ground out 6-3 (Groundball, 6, EV 103.8 MPH)
Batting: RHB Daniel Maldonado 0-0: Ball
1-0: Ball
2-0: Called Strike
2-1: Ball
3-1: Ground out 6-3 (Groundball, 6, EV 103.8 MPH)
Batting: RHB Glenn Curtis 0-0: Called Strike
0-1: Called Strike
0-2: Ball
1-2: SINGLE (Groundball, 4D, EV 96.9 MPH)
Batting: RHB Daniel McCoy 0-0: Ball
1-0: Foul Ball, location: 2F
1-1: Called Strike
1-2: Strikes out looking
Top of the 9th over - 0 runs, 1 hit, 0 errors, 1 left on base; Kingston Township 10 - Toledo 2
BOTTOM OF THE 9TH
Toledo Stingers batting - Pitching for Kingston Township Knights : RHP Jin-oong Mae
Batting: SHB Ricky Sellers 0-0: Called Strike
0-1: Foul Ball, location: 2F
0-2: Strikes out looking
Batting: LHB Dan Hines 0-0: Called Strike
0-1: Ball
1-1: Ball
2-1: Ball
3-1: Fly out, F8 (Flyball, 89XD, EV 79.4 MPH)
Batting: RHB Sze Qi 0-0: Ball
1-0: SINGLE (Groundball, 4MD, EV 104.4 MPH)
Batting: LHB Snow Wang 0-0: Swinging Strike
0-1: Ball
1-1: Called Strike
1-2: Ball
2-2: Fly out, F7 (Flyball, 78M, EV 89.4 MPH)
Bottom of the 9th over - 0 runs, 1 hit, 0 errors, 1 left on base; Kingston Township 10 - Toledo 2
Wednesday, July 8th, 2020 - OOTP Baseball 20.8 Build 74